[ AOE2 MATCH · #494013452 ]
UnrankedPersians vs Dravidians
Player's team · LOSS
[ REPLAY ANALYSIS · EXTRACTED FROM THE RECORDED GAME ]
Feudal
—
Castle
—
Imperial
—
| APM avg | 78.4 |
| APM peak | 120 |
| eAPM avg | 29.9 |
| Villagers / military | 36 / 0 |
Focus
⚔️ 15.3% · 🌾 84.7%
Fishing Ship ×8
Feudal
15:45
Castle
24:01
Imperial
—
| APM avg | 41.9 |
| APM peak | 82 |
| eAPM avg | 19.5 |
| Villagers / military | 38 / 3 |
Focus
⚔️ 32.9% · 🌾 67.1%
Fishing Ship ×8 · Scorpion ×2 · Spearman ×1
Match map
Initial resources + every placement click. Lines = walls · curves = elevation contours. ◆ gold · ⬟ stone · ● berries · ✦ relic · ◌ wall gap
Your base· Open — unwalled flank
AxD | Keiokenkun-Uno-Puro's base· Open — 5t gap
Smoothed initial terrain · ◌ = detected wall gap · hover for details
Inputs per minute
— virttuallG - - AxD | Keiokenkun-Uno-Puro
Build order — virttuallG
103 actions detected in the replay
| 0:34 | Build | Town Center |
| 1:07 | Build | Dock |
| 1:15 | Build | House |
| 2:48 | Create | Villager (Male) |
| 2:48 | Create | Villager (Male) |
| 2:48 | Create | Villager (Male) |
| 2:50 | Create | Villager (Male) |
| 2:50 | Create | Villager (Male) |
| 3:06 | Build | House |
| 3:22 | Build | Palisade Wall |
| 3:48 | Build | House |
| 3:51 | Build | Palisade Wall |
| 3:53 | Build | Palisade Wall |
| 3:55 | Build | Palisade Wall |
| 4:32 | Create | Villager (Male) |
| 5:04 | Build | House |
| 5:14 | Create | Fishing Ship |
| 5:14 | Create | Fishing Ship |
| 5:20 | Build | House |
| 5:28 | Build | House |
| 5:45 | Research | Loom |
| 5:45 | Research | Loom |
| 5:55 | Build | House |
| 6:27 | Create | Fishing Ship |
| 6:28 | Create | Fishing Ship |
| 6:30 | Create | Villager (Male) |
| 6:30 | Create | Villager (Male) |
| 6:57 | Create | Fishing Ship |
| 6:57 | Create | Fishing Ship |
| 7:41 | Create | Villager (Male) |
| 7:41 | Create | Villager (Male) |
| 8:10 | Create | Villager (Male) |
| 8:16 | Create | Fishing Ship |
| 8:49 | Build | Town Center |
| 10:00 | Create | Villager (Male) |
| 10:02 | Create | Villager (Male) |
| 10:04 | Create | Villager (Male) |
| 10:39 | Create | Villager (Male) |
| 11:11 | Create | Villager (Male) |
| 11:18 | Create | Villager (Male) |
| 12:04 | Build | House |
| 12:16 | Create | Villager (Male) |
| 13:28 | Build | Palisade Wall |
| 13:31 | Build | Palisade Wall |
| 13:36 | Create | Villager (Male) |
| 13:56 | Build | Palisade Wall |
| 14:47 | Build | Town Center |
| 15:47 | Create | Villager (Male) |
| 15:47 | Create | Villager (Male) |
| 15:48 | Create | Villager (Male) |
| 16:20 | Build | Palisade Gate |
| 16:47 | Build | Lumber Camp |
| 16:52 | Create | Villager (Male) |
| 17:08 | Build | House |
| 17:17 | Build | Palisade Wall |
| 17:26 | Build | Palisade Wall |
| 18:05 | Build | Palisade Wall |
| 18:07 | Create | Villager (Male) |
| 18:07 | Create | Villager (Male) |
| 18:08 | Create | Villager (Male) |
| 18:13 | Build | House |
| 18:17 | Build | Palisade Wall |
| 18:18 | Build | Palisade Wall |
| 18:19 | Build | Palisade Wall |
| 18:21 | Build | Palisade Wall |
| 18:41 | Build | Palisade Gate |
| 18:45 | Build | Palisade Wall |
| 19:31 | Create | Villager (Male) |
| 19:31 | Create | Villager (Male) |
| 21:30 | Build | Palisade Wall |
| 21:55 | Build | Palisade Wall |
| 21:55 | Build | Palisade Wall |
| 21:56 | Build | Palisade Wall |
| 21:59 | Build | Palisade Wall |
| 22:02 | Build | Palisade Wall |
| 22:03 | Build | Palisade Wall |
| 22:03 | Build | Palisade Wall |
| 22:04 | Build | Palisade Wall |
| 22:05 | Build | Palisade Wall |
| 22:05 | Build | Palisade Wall |
| 22:06 | Build | Palisade Wall |
| 22:07 | Build | Palisade Wall |
| 22:08 | Build | Palisade Wall |
| 22:22 | Build | Palisade Wall |
| 22:33 | Create | Villager (Male) |
| 22:33 | Create | Villager (Male) |
| 22:34 | Create | Villager (Male) |
| 22:34 | Create | Villager (Male) |
| 22:34 | Create | Villager (Male) |
| 22:35 | Create | Villager (Male) |
| 22:52 | Build | Palisade Wall |
| 23:16 | Create | Villager (Male) |
| 23:16 | Create | Villager (Male) |
| 23:18 | Create | Fishing Ship |
| 24:42 | Build | Palisade Wall |
| 24:43 | Build | Palisade Wall |
| 24:45 | Build | Palisade Wall |
| 24:46 | Build | Palisade Wall |
| 24:47 | Build | Palisade Wall |
| 24:56 | Build | Palisade Wall |
| 24:57 | Build | Palisade Wall |
| 24:57 | Build | Palisade Wall |
| 25:07 | Build | Palisade Wall |
Build order — AxD | Keiokenkun-Uno-Puro
116 actions detected in the replay
| 0:03 | Build | Town Center |
| 0:31 | Build | Dock |
| 0:33 | Build | House |
| 2:14 | Create | Villager (Male) |
| 2:14 | Create | Villager (Male) |
| 2:15 | Create | Villager (Male) |
| 2:15 | Create | Villager (Male) |
| 2:15 | Create | Villager (Male) |
| 3:27 | Build | Palisade Wall |
| 3:29 | Build | Palisade Wall |
| 3:40 | Create | Villager (Male) |
| 4:25 | Build | House |
| 4:44 | Create | Villager (Male) |
| 4:45 | Create | Villager (Male) |
| 5:04 | Create | Villager (Male) |
| 5:04 | Create | Villager (Male) |
| 5:21 | Create | Villager (Male) |
| 5:32 | Create | Villager (Male) |
| 6:23 | Create | Villager (Male) |
| 6:31 | Create | Villager (Male) |
| 6:45 | Build | Palisade Gate |
| 6:55 | Create | Fishing Ship |
| 6:58 | Build | House |
| 7:04 | Research | Loom |
| 7:07 | Create | Villager (Male) |
| 7:35 | Create | Villager (Male) |
| 7:46 | Create | Fishing Ship |
| 7:51 | Build | House |
| 8:05 | Create | Fishing Ship |
| 8:10 | Create | Villager (Male) |
| 8:17 | Build | House |
| 8:25 | Build | House |
| 8:29 | Create | Villager (Male) |
| 9:13 | Build | Mill |
| 9:57 | Create | Villager (Male) |
| 10:47 | Build | Town Center |
| 10:50 | Build | House |
| 11:01 | Build | Palisade Wall |
| 11:03 | Build | Palisade Wall |
| 11:40 | Create | Villager (Male) |
| 11:53 | Build | House |
| 12:01 | Build | Palisade Wall |
| 12:04 | Build | Palisade Wall |
| 12:14 | Build | Palisade Wall |
| 12:15 | Build | Palisade Wall |
| 12:18 | Build | Palisade Wall |
| 12:19 | Create | Villager (Male) |
| 12:21 | Create | Villager (Male) |
| 12:26 | Build | Palisade Wall |
| 12:31 | Build | House |
| 12:34 | Build | Mill |
| 12:40 | Build | Palisade Wall |
| 12:43 | Build | Palisade Wall |
| 13:05 | Create | Fishing Ship |
| 13:13 | Build | Palisade Wall |
| 13:17 | Build | Palisade Wall |
| 13:26 | Build | Palisade Wall |
| 13:35 | Research | Feudal Age |
| 13:36 | Research | Feudal Age |
| 13:55 | Build | Mining Camp |
| 14:38 | Build | House |
| 14:44 | Build | Palisade Wall |
| 14:56 | Build | Palisade Wall |
| 15:40 | Create | Fishing Ship |
| 15:44 | Create | Fishing Ship |
| 15:45 | Age | Feudal Age |
| 15:50 | Build | Market |
| 15:54 | Build | Blacksmith |
| 15:58 | Create | Villager (Male) |
| 16:19 | Build | Barracks |
| 16:37 | Create | Villager (Male) |
| 17:10 | Build | Mill |
| 17:13 | Create | Villager (Male) |
| 17:46 | Build | Watch Tower |
| 17:53 | Create | Villager (Male) |
| 18:06 | Create | Spearman |
| 18:36 | Build | Palisade Wall |
| 18:39 | Build | Palisade Wall |
| 18:40 | Build | Palisade Wall |
| 18:47 | Build | Watch Tower |
| 18:51 | Create | Villager (Male) |
| 18:58 | Create | Villager (Male) |
| 19:35 | Create | Villager (Male) |
| 19:46 | Create | Villager (Male) |
| 20:03 | Create | Villager (Male) |
| 20:34 | Create | Villager (Male) |
| 20:42 | Research | Castle Age |
| 20:51 | Build | Palisade Wall |
| 20:53 | Build | Palisade Wall |
| 20:53 | Build | Palisade Wall |
| 21:01 | Build | Palisade Wall |
| 21:30 | Create | Villager (Male) |
| 21:33 | Build | House |
| 21:57 | Create | Fishing Ship |
| 22:06 | Build | Dock |
| 22:12 | Build | Lumber Camp |
| 22:22 | Research | Fletching |
| 22:31 | Build | Palisade Gate |
| 22:38 | Build | Palisade Gate |
| 23:07 | Build | Mining Camp |
| 23:19 | Create | Fishing Ship |
| 23:38 | Build | Mining Camp |
| 24:01 | Age | Castle Age |
| 24:06 | Create | Villager (Male) |
| 24:13 | Build | Siege Workshop |
| 24:14 | Create | Villager (Male) |
| 24:26 | Create | Villager (Male) |
| 24:32 | Build | Siege Workshop |
| 24:43 | Create | Villager (Male) |
| 25:02 | Build | Castle |
| 25:15 | Create | Villager (Male) |
| 25:18 | Create | Scorpion |
| 25:24 | Build | Palisade Gate |
| 25:41 | Build | House |
| 25:47 | Research | Double-Bit Axe |
| 25:50 | Create | Scorpion |
Match timeline
| 0:31 | AxD | Keiokenkun-Uno-Puro · first_building Dock |
| 1:07 | virttuallG · first_building Dock |
| 3:22 | virttuallG · wall_segment Palisade Wall x1 |
| 3:27 | AxD | Keiokenkun-Uno-Puro · wall_segment Palisade Wall x1 |
| 3:29 | AxD | Keiokenkun-Uno-Puro · wall_segment Palisade Wall x1 |
| 3:51 | virttuallG · wall_segment Palisade Wall x1 |
| 3:53 | virttuallG · wall_segment Palisade Wall x1 |
| 3:55 | virttuallG · wall_segment Palisade Wall x1 |
| 11:01 | AxD | Keiokenkun-Uno-Puro · wall_segment Palisade Wall x5 |
| 11:03 | AxD | Keiokenkun-Uno-Puro · wall_segment Palisade Wall x4 |
| 12:01 | AxD | Keiokenkun-Uno-Puro · wall_segment Palisade Wall x1 |
| 12:04 | AxD | Keiokenkun-Uno-Puro · wall_segment Palisade Wall x1 |
| 12:14 | AxD | Keiokenkun-Uno-Puro · wall_segment Palisade Wall x1 |
| 12:15 | AxD | Keiokenkun-Uno-Puro · wall_segment Palisade Wall x1 |
| 12:18 | AxD | Keiokenkun-Uno-Puro · wall_segment Palisade Wall x1 |
| 12:26 | AxD | Keiokenkun-Uno-Puro · wall_segment Palisade Wall x1 |
| 12:40 | AxD | Keiokenkun-Uno-Puro · wall_segment Palisade Wall x1 |
| 12:43 | AxD | Keiokenkun-Uno-Puro · wall_segment Palisade Wall x1 |
| 13:13 | AxD | Keiokenkun-Uno-Puro · wall_segment Palisade Wall x1 |
| 13:17 | AxD | Keiokenkun-Uno-Puro · wall_segment Palisade Wall x1 |
| 13:26 | AxD | Keiokenkun-Uno-Puro · wall_segment Palisade Wall x1 |
| 13:28 | virttuallG · wall_segment Palisade Wall x1 |
| 13:31 | virttuallG · wall_segment Palisade Wall x1 |
| 13:56 | virttuallG · wall_segment Palisade Wall x1 |
| 14:44 | AxD | Keiokenkun-Uno-Puro · wall_segment Palisade Wall x1 |
| 14:56 | AxD | Keiokenkun-Uno-Puro · wall_segment Palisade Wall x1 |
| 15:45 | AxD | Keiokenkun-Uno-Puro · age_up feudal |
| 16:19 | AxD | Keiokenkun-Uno-Puro · first_building Barracks |
| 17:17 | virttuallG · wall_segment Palisade Wall x4 |
| 17:26 | virttuallG · wall_segment Palisade Wall x7 |
| 18:05 | virttuallG · wall_segment Palisade Wall x6 |
| 18:17 | virttuallG · wall_segment Palisade Wall x5 |
| 18:18 | virttuallG · wall_segment Palisade Wall x5 |
| 18:19 | virttuallG · wall_segment Palisade Wall x5 |
| 18:21 | virttuallG · wall_segment Palisade Wall x5 |
| 18:36 | AxD | Keiokenkun-Uno-Puro · wall_segment Palisade Wall x1 |
| 18:39 | AxD | Keiokenkun-Uno-Puro · wall_segment Palisade Wall x1 |
| 18:40 | AxD | Keiokenkun-Uno-Puro · wall_segment Palisade Wall x1 |
| 18:45 | virttuallG · wall_segment Palisade Wall x1 |
| 20:12 | AxD | Keiokenkun-Uno-Puro · first_market_sell 100 wood |
| 20:41 | AxD | Keiokenkun-Uno-Puro · first_market_buy 100 food |
| 20:51 | AxD | Keiokenkun-Uno-Puro · wall_segment Palisade Wall x1 |
| 20:53 | AxD | Keiokenkun-Uno-Puro · wall_segment Palisade Wall x1 |
| 20:53 | AxD | Keiokenkun-Uno-Puro · wall_segment Palisade Wall x1 |
| 21:01 | AxD | Keiokenkun-Uno-Puro · wall_segment Palisade Wall x1 |
| 21:30 | virttuallG · wall_segment Palisade Wall x6 |
| 21:55 | virttuallG · wall_segment Palisade Wall x1 |
| 21:55 | virttuallG · wall_segment Palisade Wall x1 |
| 21:56 | virttuallG · wall_segment Palisade Wall x1 |
| 21:59 | virttuallG · wall_segment Palisade Wall x1 |
| 22:02 | virttuallG · wall_segment Palisade Wall x1 |
| 22:03 | virttuallG · wall_segment Palisade Wall x1 |
| 22:03 | virttuallG · wall_segment Palisade Wall x1 |
| 22:04 | virttuallG · wall_segment Palisade Wall x1 |
| 22:05 | virttuallG · wall_segment Palisade Wall x1 |
| 22:05 | virttuallG · wall_segment Palisade Wall x1 |
| 22:06 | virttuallG · wall_segment Palisade Wall x1 |
| 22:07 | virttuallG · wall_segment Palisade Wall x1 |
| 22:08 | virttuallG · wall_segment Palisade Wall x9 |
| 22:22 | virttuallG · wall_segment Palisade Wall x5 |
| 22:52 | virttuallG · wall_segment Palisade Wall x11 |
| 24:01 | AxD | Keiokenkun-Uno-Puro · age_up castle |
| 24:13 | AxD | Keiokenkun-Uno-Puro · first_building Siege Workshop |
| 24:42 | virttuallG · wall_segment Palisade Wall x1 |
| 24:43 | virttuallG · wall_segment Palisade Wall x1 |
| 24:45 | virttuallG · wall_segment Palisade Wall x1 |
| 24:46 | virttuallG · wall_segment Palisade Wall x1 |
| 24:47 | virttuallG · wall_segment Palisade Wall x1 |
| 24:56 | virttuallG · wall_segment Palisade Wall x1 |
| 24:57 | virttuallG · wall_segment Palisade Wall x1 |
| 24:57 | virttuallG · wall_segment Palisade Wall x1 |
| 25:02 | AxD | Keiokenkun-Uno-Puro · first_building Castle |
| 25:07 | virttuallG · wall_segment Palisade Wall x14 |
| 25:56 | virttuallG · resign |
[ AI ANALYSIS · 1 CREDIT ]
What really happened in this match?
Wolo.gg analyzes every decision: build order, eco, micro, common mistakes by bracket. Personalized analysis on WhatsApp or Discord in 30 seconds.
Civ guide
Persians
Perfil
virttuallG